2610 views
Uploaded 2020-02-08 04:00:44
Game version 1.32 / 1.32.1
7:36 long 1on1 ladder game on (4)TurtleRock
Saved by GreenTea
2610 views
Uploaded 2020-02-08 04:00:44
Game version 1.32 / 1.32.1
7:36 long 1on1 ladder game on (4)TurtleRock

/ 0.1k
12 buildings @ 1.4k
/ 0.5k

| Peasant | 7 | 525 | / | 0 |
| Footman | 4 | 540 | / | 0 |
| Rifleman | 3 | 615 | / | 90 |
| total: | 14 | 1680g | / | 90w |
| Scout Tower | 1 | 30 | / | 20 |
| Arcane Tower | 1 | 70 | / | 50 |
| Altar of Kings | 2 | 360 | / | 100 |
| Farm | 5 | 400 | / | 100 |
| Barracks | 1 | 160 | / | 60 |
| Blacksmith | 1 | 140 | / | 60 |
| Arcane Vault | 1 | 130 | / | 30 |
| Arcane Sanctum | 1 | 150 | / | 140 |
| Keep | 1 | 320 | / | 210 |
| total: | 12 | 1370g | / | 510w |
| 0:01 | Peasant |
| 0:02 | Peasant |
| 0:03 | Altar of Kings |
| 0:05 | Altar of Kings |
| 0:18 | Farm |
| 0:20 | Barracks |
| 0:25 | Peasant |
| 0:34 | Peasant |
| 0:48 | Farm |
| 0:52 | Peasant |
| 1:03 | Peasant |
| 1:23 | Footman |
| 1:29 | Peasant |
| 1:36 | Footman |
| 1:47 | Farm |
| 2:10 | Summon Water Elemental |
| 2:19 | Footman |
| 2:43 | Footman |
| 3:05 | Brilliance Aura |
| 3:08 | Keep |
| 3:22 | Blacksmith |
| 3:29 | Farm |
| 4:14 | Arcane Vault |
| 4:29 | Scout Tower |
| 4:42 | Rifleman |
| 4:55 | Summon Water Elemental |
| 5:00 | Arcane Tower |
| 5:11 | Rifleman |
| 5:21 | Rifleman |
| 5:46 | Arcane Sanctum |
| 5:47 | Farm |
| 5:59 | Brilliance Aura |
| 6:19 | Long Rifles |
| Select group | 262 |
| Right click | 237 |
| Select | 165 |
| Misc. action | 114 |
| Chat | 73 |
| Build/train/purchase | 33 |
| Assign group | 15 |
| Remove unit | 1 |
/ 0k
6 buildings @ 1k
/ 0.3k

| Acolyte | 7 | 525 | / | 0 |
| Ghoul | 14 | 1680 | / | 0 |
| total: | 21 | 2205g | / | 0w |
| Nerubian Tower | 1 | 100 | / | 20 |
| Crypt | 2 | 400 | / | 100 |
| Altar of Darkness | 1 | 180 | / | 50 |
| Ziggurat | 2 | 300 | / | 100 |
| Tomb of Relics | 1 | 130 | / | 30 |
| total: | 6 | 1010g | / | 280w |
| 0:29 | Crypt |
| 0:32 | Altar of Darkness |
| 0:37 | Crypt |
| 0:44 | Ziggurat |
| 1:08 | Acolyte |
| 1:38 | Nerubian Tower |
| 2:05 | Acolyte |
| 2:05 | Acolyte |
| 2:24 | Ghoul |
| 2:24 | Ghoul |
| 2:24 | Ghoul |
| 2:24 | Ghoul |
| 2:50 | Tomb of Relics |
| 3:09 | Ghoul |
| 3:09 | Ghoul |
| 3:09 | Ghoul |
| 4:40 | Unholy Aura |
| 4:53 | Ghoul |
| 4:53 | Ghoul |
| 4:53 | Ghoul |
| 5:43 | Ghoul |
| 5:43 | Ghoul |
| 5:43 | Ghoul |
| 5:43 | Ghoul |
| 5:59 | Ziggurat |
| 6:03 | Acolyte |
| 6:03 | Acolyte |
| 6:12 | Acolyte |
| 6:12 | Acolyte |
| Right click | 122 |
| Select | 90 |
| Select group | 35 |
| Build/train/purchase | 26 |
| Misc. action | 19 |
| Assign group | 13 |
| Esc | 2 |